Map: [Official] The Hunters

Players

A.I. 1 (Very Hard)

  • Race: Zerg Zerg
  • Spawn Location: 9:00

Axis

  • Race: Protoss Protoss
  • Spawn Location: 5:00

VOD

Have the link to the VOD?

Description

Time

  • Played on: July 5, 2024, 3 p.m.
  • Length: 15:24
Show
View Real Time Build Order
Export as new Build Order

A.I. 1 (Very Hard) Zerg 

Build Orders: Hatch First 

Get SALT Encoding   

    2:25  Overlord  
    2:31  Drone x12  
    2:43  Unknown  
  12  2:45  Drone  
  12  2:50  Drone  
  14  3:01  Overlord  
  14  3:28  Hatchery  
  14  3:29  Drone  
  14  3:33  Drone  
  15  3:38  Drone  
  16  3:43  Drone  
  17  4:02  Spawning Pool  
  16  4:03  Extractor  
  16  4:05  Drone  
  16  4:08  Drone  
  17  4:13  Extractor  
  17  4:16  Drone  
  17  4:23  Drone  
  18  4:33  Drone  
  19  4:39  Overlord  
  19  4:50  Queen  
  21  4:56  Zergling x2  
  22  5:01  Drone  
  23  5:36  Hatchery  
  22  5:59  Hatchery  
  22  6:01  Zergling x2  
  22  6:19  Roach Warren  
  21  6:42  Drone  
  22  6:47  Drone  
  22  6:54  Drone  
  24  6:59  Roach  
  26  7:02  Roach  
  26  7:07  Zergling x2  
  28  7:14  Roach  
  30  7:21  Roach  
  32  7:25  Drone  
  32  7:29  Drone  
  34  7:34  Drone  
  35  7:37  Drone  
  35  7:42  Drone  
  37  7:46  Drone  
  37  7:50  Drone  
  39  7:53  Drone  
  40  8:00  Overlord  
  40  8:08  Roach  
  44  8:13  Roach  
  44  8:18  Roach  
  46  8:21  Roach  
  48  8:27  Overlord  
  48  8:28  Ravager  
  48  8:33  Roach  
  51  8:36  Ravager  
  52  8:45  Roach  
  54  8:50  Overlord  
  54  8:55  Roach  
  56  8:59  Roach  
  58  9:03  Roach  
  58  9:06  Zergling x2  
  58  9:08  Zergling x2  
  60  9:13  Roach  
  56  9:17  Roach  
  56  9:22  Ravager  
  56  9:23  Roach  
  56  9:27  Roach  
  60  9:31  Roach  
  60  9:37  Overlord  
  60  9:45  Evolution Chamber  
  59  9:49  Drone  
  60  10:05  Evolution Chamber  
  60  10:06  Drone  
  60  10:12  Zerg Missile Weapons Level 1  
  60  10:13  Spine Crawler  
  59  10:14  Drone  
  60  10:21  Spine Crawler  
  60  10:23  Drone  
  60  10:31  Roach, Zerg Ground Armor Level 1  
  62  10:45  Queen  
  64  10:51  Overlord  
  64  11:00  Spore Crawler  
  64  11:02  Spore Crawler  
  64  11:03  Drone  
  63  11:06  Drone  
  64  11:14  Queen  
  66  11:23  Queen  
  68  11:36  Pneumatized Carapace  
  68  11:49  Spine Crawler  
  68  11:51  Drone  
  68  11:59  Evolution Chamber  
  68  12:01  Drone  
  68  12:03  Roach  
  70  12:09  Overlord  
  70  12:12  Zergling x2  
  70  12:15  Zergling x2  
  60  12:24  Roach x2  
  60  12:28  Roach  
  60  12:32  Roach  
  60  12:36  Roach  
  47  12:39  Zergling x2  
  47  12:42  Zergling x2  
  46  12:47  Roach  
  46  12:48  Roach, Zergling x2  
  51  12:52  Roach  
  51  12:56  Roach x2  
  53  12:59  Roach  
  53  13:03  Roach  
  51  13:06  Zergling x2  
  51  13:09  Roach  
  51  13:13  Zergling x2  
  51  13:15  Zergling x2  
  51  13:19  Roach  
  47  13:23  Roach  
  47  13:24  Roach  
  43  13:28  Roach  
  43  13:29  Roach  
  43  13:31  Roach  
  46  13:36  Roach  
  46  13:38  Zergling x2  
  45  13:42  Zergling x2  
  45  13:46  Roach  
  44  13:51  Roach  
  46  13:56  Roach  
  46  13:58  Zergling x2  
  46  14:02  Zergling x2  
  49  14:04  Zergling x2  
  49  14:09  Roach  
  46  14:15  Roach  
  26  14:28  Zergling x2  
  26  14:29  Roach  
Show
View Real Time Build Order
Export as new Build Order

Axis Protoss 

Build Orders:  

Get SALT Encoding   

    2:31  Probe x12  
    2:43  Unknown  
  12  2:45  Probe  
  13  2:58  Probe  
  14  3:04  Pylon  
  14  3:10  Probe  
  15  3:24  Gateway  
  15  3:26  Probe  
  16  3:32  Assimilator  
  16  3:38  Probe (Chrono Boost)  
  18  3:50  Probe (Chrono Boost)  
  18  3:55  Probe (Chrono Boost)  
  19  4:04  Probe (Chrono Boost)  
  20  4:14  Cybernetics Core  
  20  4:15  Probe (Chrono Boost)  
  21  4:35  Nexus  
  21  4:43  Probe, Assimilator  
  22  4:51  Pylon  
  22  4:55  Probe  
  23  5:09  Adept  
  25  5:16  Probe  
  26  5:26  Stargate  
  26  5:28  Probe (Chrono Boost)  
  27  5:40  Probe (Chrono Boost)  
  28  5:45  Probe (Chrono Boost)  
  29  5:50  Warp Gate  
  29  5:54  Adept  
  31  5:58  Probe x2  
  37  6:16  Void Ray  
  37  6:20  Probe (Chrono Boost)  
  37  6:23  Probe (Chrono Boost)  
  39  6:32  Probe (Chrono Boost)  
  41  6:37  Probe (Chrono Boost)  
  41  6:38  Probe (Chrono Boost)  
  42  6:44  Twilight Council  
  42  6:45  Probe  
  43  6:54  Gateway, Probe  
  43  6:57  Probe  
  45  7:09  Probe  
  45  7:13  Gateway  
  46  7:19  Gateway  
  46  7:21  Pylon  
  46  7:22  Resonating Glaives (Chrono Boost)  
  46  7:39  Probe x2  
  48  7:51  Probe x2  
  50  7:55  Adept  
  50  7:56  Adept  
  54  8:01  Nexus  
  54  8:03  Pylon  
  54  8:08  Pylon  
  54  8:18  Pylon  
  54  8:21  Probe  
  54  8:22  Adept  
  54  8:23  Adept x2  
  61  8:38  Adept  
  63  8:43  Adept  
  63  8:47  Assimilator  
  65  8:52  Assimilator  
  61  9:23  Adept  
  61  9:24  Adept x3  
  69  9:41  Robotics Facility  
  69  9:43  Pylon  
  69  9:49  Forge  
  69  9:52  Sentry  
  69  9:53  Sentry x3  
  81  10:19  Void Ray (Chrono Boost)  
  81  10:20  Adept x3  
  81  10:21  Adept  
  89  10:28  Probe  
  89  10:29  Probe x2  
  92  10:40  Probe x2  
  92  10:41  Probe  
  95  10:46  Protoss Shields Level 1 (Chrono Boost)  
  95  10:48  Probe  
  95  10:49  Probe  
  95  10:53  Probe, Assimilator  
  95  10:56  Probe  
  98  10:57  Probe  
  98  10:59  Assimilator  
  98  11:02  Pylon  
  100  11:04  Gateway x2, Observer  
  101  11:12  Pylon  
  101  11:14  Pylon  
  101  11:20  Probe x3  
  108  11:25  Void Ray  
  108  11:30  Immortal, Adept  
  108  11:31  Adept  
  108  11:32  Adept x2, Probe x3  
  104  12:48  Adept  
  104  12:49  Adept x5  
  88  14:20  Stalker x4  
  88  14:21  Stalker x2  
  100  14:32  Warp Prism  
Tags
 
Add a new tag
Caveats
  • Supply blocks, unpowered buildings, or Contaminate may cause inaccurate times.
  • Supply counts are checked every 10 seconds.